 Dungeon Crawl Stone Soup version 0.23-a0-455-ge12115f (webtiles) character file.

160545 JeffiDaFish the Lord of Darkness (level 17, -2/76 HPs)
             Began as a Deep Elf Necromancer on Nov 20, 2018.
             Was the Champion of Kikubaaqudgha.
             Slain by Rupert
             ... wielding a +0 great mace of draining
              (12 damage)
             ... on level 1 of the Spider Nest on Nov 25, 2018.
             The game lasted 03:26:53 (46829 turns).

JeffiDaFish the Lord of Darkness (DENe)            Turns: 46829, Time: 03:26:54

Health: -2/76      AC: 14    Str:  8      XL:     17   Next: 18%
Magic:  1/36       EV: 18    Int: 27 (29) God:    Kikubaaqudgha [******]
Gold:   1232       SH:  0    Dex: 15      Spells: 1/50 levels left

rFire    + . .     SeeInvis .   l - +6 dagger (venom)
rCold    x . .     Gourm    .   (no shield)
rNeg     . . .     Faith    .   M - +2 troll leather armour
rPois    .         Spirit   .   h - +2 helmet
rElec    .         Reflect  .   o - +2 cloak
rCorr    .         Harm     .   N - +1 pair of gloves {Str+3}
MR       +....                  (no boots)
Stlth    ++++......             t - amulet of the acrobat
HPRegen  0.62/turn              b - +3 ring of intelligence
MPRegen  0.25/turn              e - ring of fire

@: heavily drained
A: talons 1, camouflage 1, low mp 1, weak 1
a: Receive Corpses, Torment, Renounce Religion


You were on level 1 of the Spider Nest.
You worshipped Kikubaaqudgha.
Kikubaaqudgha was exalted by your worship.
You were not hungry.

You visited 5 branches of the dungeon, and saw 25 of its levels.
You also visited: Sewer and Volcano.

You collected 3481 gold pieces.
You spent 2249 gold pieces at shops.

Inventory:

Hand Weapons
 f - the +8 mace of Reinforcement {holy, Int+3 Dex+7}
   (You found it on level 5 of the Dungeon)

   It has been blessed by the Shining One to cause great damage to the undead
   and demons.
   It affects your intelligence (+3).
   It affects your dexterity (+7).
 l - a +6 dagger of venom (weapon)
Armour
 h - a +2 helmet (worn)
 o - a +2 cloak (worn)
 B - the cursed +0 buckler "Yvyroamn" {rC+++ Str+3 Dex-2 Slay+3}
   (You found it on level 9 of the Dungeon)

   It affects your strength (+3).
   It affects your dexterity (-2).
   It affects your accuracy and damage with ranged weapons and melee attacks
   (+3).
   It renders you almost immune to cold.
   It has a curse placed upon it.
 M - a +2 troll leather armour (worn)
 N - a +1 pair of gloves of strength (worn)
Jewellery
 b - a +3 ring of intelligence (left hand)
 e - a ring of fire (right hand)
 s - an uncursed ring of stealth
 t - an amulet of the acrobat (around neck)
 G - an uncursed ring of protection from cold
 L - a +3 ring of evasion
Wands
 p - a wand of polymorph (9)
 w - a wand of digging (9)
 x - a wand of paralysis (6)
 y - a wand of iceblast (17)
 C - a wand of clouds (2)
Scrolls
 g - 2 scrolls of blinking
 i - 4 scrolls of teleportation
 n - 11 scrolls of remove curse
 A - a scroll of magic mapping
 D - a scroll of fear
 E - a scroll of amnesia
 F - 6 scrolls of identify
 H - 2 scrolls of fog
 J - 2 scrolls of holy word
Potions
 a - a potion of berserk rage
 d - 3 potions of flight
 j - 5 potions of curing
 k - a potion of invisibility
 q - 2 potions of haste
 r - a potion of agility
 u - 3 potions of resistance
 v - 7 potions of might
 z - 2 potions of brilliance
 I - 5 potions of heal wounds
 K - 2 potions of magic
Comestibles
 c - 18 rations


   Skills:
 + Level 5.8(3.1) Short Blades
 + Level 14.3(10.9) Dodging
 - Level 8.3(5.4) Stealth
 + Level 17.0(13.5) Spellcasting
 + Level 10.3(7.3) Conjurations
 + Level 0.1(0.0) Hexes
 - Level 7.0(4.2) Charms
 * Level 20.4(16.6) Necromancy
 - Level 5.5(2.9) Fire Magic
 - Level 7.0(4.2) Ice Magic


You had one spell level left.
You knew the following spells:

 Your Spells              Type           Power        Failure   Level  Hunger
a - Pain                  Necr           ####         0%          1    None
b - Vampiric Draining     Necr           #######...   0%          3    None
c - Regeneration          Chrm/Necr      ######....   1%          3    None
d - Agony                 Necr           #######.     1%          5    ##.....
e - Dispel Undead         Necr           #######.     1%          5    ##.....
f - Death Channel         Necr           #######...   1%          6    ####...
g - Fireball              Conj/Fire      ######....   16%         5    ##.....
h - Borgnjor's Revivific  Necr           #######...   30%         8    #######
i - Infestation           Necr           #######...   30%         8    #######
j - Ensorcelled Hibernat  Hex/Ice        ####..       2%          2    None
k - Confuse               Hex            ###.....     13%         3    None

Your spell library contained the following spells:

 Spells                   Type           Power        Failure   Level  Hunger
 Animate Skeleton         Necr           N/A          0%          1    None
 Flame Tongue             Conj/Fire      #####        1%          1    None
 Corona                   Hex            ###....      4%          1    None
 Corpse Rot               Necr           N/A          0%          2    None
 Sublimation of Blood     Necr           #######...   0%          2    None
 Throw Flame              Conj/Fire      ######       1%          2    None
 Conjure Flame            Conj/Fire      ######..     1%          3    None
 Animate Dead             Necr           N/A          1%          4    None
 Excruciating Wounds      Chrm/Necr      ######....   1%          5    ##.....
 Dazzling Spray           Conj/Hex       #####.       3%          3    None
 Mephitic Cloud           Conj/Pois/Air  ####....     4%          3    None
 Sticky Flame             Conj/Fire      ######..     5%          4    None
 Poisonous Vapours        Pois/Air       ###...       7%          2    None
 Inner Flame              Hex/Fire       #####...     7%          3    None
 Iskenderun's Battlesphe  Conj/Chrm      #####...     12%         5    ##.....
 Tukima's Dance           Hex            ###.....     13%         3    None
 Venom Bolt               Conj/Pois      #####.....   26%         5    ##.....
 Bolt of Magma            Conj/Fire/Erth ######....   30%         5    ##.....
 Summon Lightning Spire   Summ/Air       ###.....     41%         4    None
 Silence                  Hex/Air        ###.......   77%         5    ##.....
 Haunt                    Necr/Summ      ######....   77%         7    ######.
 Freezing Cloud           Conj/Ice/Air   #####.....   80%         6    ####...
 Conjure Ball Lightning   Conj/Air       #####.....   83%         6    ####...
 Iron Shot                Conj/Erth      #####.....   83%         6    ####...
 Orb of Destruction       Conj           ######....   88%         7    ######.
 Deflect Missiles         Chrm/Air       ####......   95%         6    ####...
 Death's Door             Chrm/Necr      ######....   99%         8    #######
 Ring of Flames           Chrm/Fire      ######....   100%        7    ######.
 Spellforged Servitor     Conj/Summ      #####.....   100%        7    ######.
 Necromutation            Tmut/Necr      ######....   100%        8    #######
 Tornado                  Air            ###.......   100%        9    #######


Dungeon Overview and Level Annotations

Branches:
Dungeon (15/15)            Temple (1/1) D:5            Lair (6/6) D:9
  Swamp (0/4) Lair:2       Spider (1/4) Lair:2        Slime (0/5) Lair:6
    Orc (2/2) D:9             Elf (0/3) Orc:2        Vaults (0/5) D:14
 Depths (0/5) D:15

Altars:
Ashenzari
Cheibriados
Elyvilon
Fedhas
Gozag
Kikubaaqudgha
Makhleb
Nemelex Xobeh
Okawaru
Ru
Trog
Uskayaw
Wu Jian
Yredelemnul
Beogh

Shops:
D:4 =   D:10 *   Orc:1 *   Orc:2 [:!*

Portals:
Pandemonium: Orc:2

Annotations:
Lair:4 exclusion: oklob plant
Lair:5 exclusion: 2 oklob plants
Spider:1 Rupert
Orc:1 2 transporters


Innate Abilities, Weirdness & Mutations

You have sharp toenails.
Your skin changes colour to match your surroundings (Stealth+).
Your magical capacity is low. (-10% MP)
You are weak. (Str -2)


Message History

Aiming: Vampiric Draining (safe; 0% risk of failure)
Press: ? - help, Shift-Dir - straight line, f/p - Rupert
Aim: Rupert, wielding a +0 great mace of draining and wearing a +0 ring mail Rupert is almost dead.
You feel life coursing into your body.
Rupert hits you with a +0 great mace of draining!
You feel drained.
Casting: Vampiric Draining (safe; 0% risk of failure)
Confirm with . or Enter, or press ? or * to list all spells.
Aiming: Vampiric Draining (safe; 0% risk of failure)
Press: ? - help, Shift-Dir - straight line, f/p - Rupert
Aim: Rupert, wielding a +0 great mace of draining and wearing a +0 ring mail Rupert is almost dead.
You feel life coursing into your body.
Rupert hits you with a +0 great mace of draining!!
* * * LOW HITPOINT WARNING * * *
You feel drained.
Rupert hits you with a +0 great mace of draining!
You die...
Kikubaaqudgha rasps: "You have failed me!
Welcome... death!"

#..###
###....#
#.....###
#..#..#.###
#@ #......#
# ##)...##
#.#[.##
#####...#
#...@@.##
#....#.#
#(##.### #
##


You could see Rupert (berserk).

Vanquished Creatures
  Kirke (D:15)
  Louise (D:14)
  An orc warlord (D:9)
  The ghost of Ahyevokum the Severer, a journeyman HOMo of Beogh (Orc:1)
  The ghost of Hrodulf the Grappler, a journeyman DrTm of Cheibriados (D:14)
  An ettin (D:15)
  A rakshasa (D:15)
  2 catoblepae (Lair:6)
  10 hydras
  2 ogre magi
  3 centaur warriors
  3 death yaks (Lair:6)
  12 two-headed ogres
  A tengu warrior (D:15)
  A hell knight (D:14)
  Nergalle (D:11)
  6 orc high priests (Orc:2)
  A deep elf knight (D:15)
  5 skeletal warriors
  A gelid demonspawn (Orc:2)
  2 unseen horrors
  2 infernal demonspawn (Orc:2)
  A torturous demonspawn (Orc:2)
  5 orc knights
  A lindwurm (Lair:6)
  2 anaconda skeletons (Volcano)
  A deep elf archer (D:15)
  8 orc sorcerers
  A mana viper (shapeshifter) (D:14)
  4 deep elf magi
  2 cyclopes
  6 ugly things
  An orb spider (Lair:2)
  2 manticores (D:15)
  11 elephants
  Joseph (Lair:1)
  Maurice (Orc:2)
  5 black mambas
  A rust devil (Orc:2)
  A torpor snail (Lair:6)
  6 gargoyles
  A smoke demon (Orc:2)
  An orange demon (Orc:2)
  18 spiny frogs
  3 kobold demonologists (D:14)
  2 yaktaurs (D:14)
  3 freezing wraiths
  A demonic crawler (Lair:2)
  7 komodo dragons
  A hellwing (Orc:2)
  2 ice devils (Orc:2)
  5 rime drakes
  4 trolls
  Prince Ribbit (D:8)
  A polar bear (Lair:3)
  A queen bee (D:12)
  2 hornets
  4 blink frogs
  A harpy skeleton (Volcano)
  5 slime creatures
  18 hippogriffs
  14 dream sheep
  A flying skull (Volcano)
  Sigmund (D:6)
  A spriggan (D:7)
  A ynoxinul (Orc:2)
  2 vampires
  A wyvern (shapeshifter) (D:14)
  2 wraiths (D:15)
  63 yaks
  3 alligator skeletons (Volcano)
  7 wyverns
  Eustachio (D:6)
  5 hogs (D:15)
  4 basilisks
  Edmund (D:6)
  A warg (D:14)
  A soldier ant (D:11)
  2 hungry ghosts
  10 water moccasins
  5 porcupines
  30 orc warriors
  6 sky beasts
  6 ice beasts
  4 phantoms
  An eye of draining (D:13)
  20 ogres
  A necrophage (D:10)
  6 wolves
  22 centaurs
  An eye of draining (shapeshifter) (D:14)
  9 big kobolds
  26 bullfrogs
  12 crocodiles
  A wyvern skeleton (D:10)
  2 scorpions
  18 killer bees
  10 wights
  A troll skeleton (Volcano)
  5 electric eels
  4 howler monkeys
  2 bullfrog zombies
  5 crimson imps
  A quasit (D:14)
  3 centaur zombies
  9 hounds
  Crazy Yiuf (D:5)
  26 orc priests
  7 jellies
  17 orc wizards
  2 bullfrog skeletons (D:13)
  8 centaur skeletons
  6 iguanas
  Natasha (D:3)
  13 worker ants
  4 naga skeletons (Volcano)
  A hound skeleton (D:10)
  A worker ant zombie (D:8)
  A howler monkey zombie (D:10)
  4 gnolls (D:5)
  15 adders
  5 shadow imps
  13 oozes
  4 adder skeletons
  An adder zombie (D:6)
  3 worms
  A dart slug (D:1)
  19 leopard geckos
  93 orcs
  10 ball pythons
  7 bats
  14 giant cockroaches
  12 goblins
  10 hobgoblins
  7 jackals
  5 quokkas
  11 frilled lizards
  A jackal skeleton (D:4)
  19 kobolds
  A leopard gecko skeleton (D:4)
  A leopard gecko zombie (D:7)
  A quokka skeleton (D:4)
  4 rats
880 creatures vanquished.

Vanquished Creatures (collateral kills)
  An orc high priest (Orc:2)
  An orc sorcerer (Orc:1)
  2 slime creatures (D:15)
  A wyvern (D:15)
  A hungry ghost (D:15)
  2 orc warriors
  A sky beast (D:15)
  2 ogres (Orc:1)
  3 wights (D:15)
  4 orc wizards
  10 orcs
28 creatures vanquished.

Vanquished Creatures (others)
  2 elephants (Lair:6)
  2 flying skulls (Volcano)
  17 bushes (D:15)
  27 fungi
  33 plants
81 creatures vanquished.

Grand Total: 989 creatures vanquished

Notes
Turn   | Place    | Note
-------+----------+-------------------------------------------
     0 | D:1      | JeffiDaFish the Deep Elf Necromancer began the quest for
                  | the Orb.
     0 | D:1      | Reached XP level 1. HP: 10/10 MP: 6/6
   195 | D:1      | Reached skill level 5 in Necromancy
   317 | D:1      | Reached XP level 2. HP: 14/15 MP: 5/8
   350 | D:1      | Gained mutation: You are weak. (Str -2) [potion of
                  | mutation]
   350 | D:1      | Gained mutation: You have sharp toenails. [potion of
                  | mutation]
   350 | D:1      | Gained mutation: Your skin changes colour to match your
                  | surroundings (Stealth+). [potion of mutation]
   764 | D:2      | Reached XP level 3. HP: 14/19 MP: 8/10
   811 | D:2      | Learned a level 3 spell: Vampiric Draining
  1304 | D:2      | Reached XP level 4. HP: 23/24 MP: 8/11
  1453 | D:2      | Found an iron altar of Okawaru.
  2166 | D:3      | Reached skill level 6 in Necromancy
  2384 | D:3      | Found a sparkling altar of Nemelex Xobeh.
  2499 | D:3      | Noticed Natasha
  2506 | D:3      | Killed Natasha
  2506 | D:3      | Reached XP level 5. HP: 28/28 MP: 13/13
  2604 | D:3      | Found a burning altar of Makhleb.
  2630 | D:3      | You fall through a shaft!
  2637 | D:4      | Found Liwifoos's Jewellery Shoppe.
  3713 | D:4      | Reached XP level 6. HP: 28/32 MP: 8/14
  3849 | D:4      | Learned a level 3 spell: Regeneration
  4110 | D:5      | Entered Level 5 of the Dungeon
  4274 | D:5      | Noticed an ice beast
  4282 | D:5      | Killed an ice beast
  4282 | D:5      | Reached skill level 5 in Spellcasting
  4282 | D:5      | Reached skill level 7 in Necromancy
  4418 | D:5      | Found a runed door.
  4422 | D:5      | Identified the +8 mace of Reinforcement {holy, Int+3 Dex+7}
                  | (You found it on level 5 of the Dungeon)
  4424 | D:5      | Noticed Crazy Yiuf
  4429 | D:5      | Killed Crazy Yiuf
  4526 | D:5      | Reached skill level 5 in Stealth
  4526 | D:5      | Reached XP level 7. HP: 28/36 MP: 2/17
  4626 | D:5      | Found a sparkling altar of Nemelex Xobeh.
  4648 | D:5      | Reached skill level 5 in Dodging
  4648 | D:5      | Reached skill level 8 in Necromancy
  4677 | D:5      | Found a burning altar of Makhleb.
  4866 | D:5      | Found a staircase to the Ecumenical Temple.
  4875 | Temple   | Entered the Ecumenical Temple
  4890 | Temple   | Became a worshipper of Kikubaaqudgha
  5369 | D:6      | Reached XP level 8. HP: 15/41 MP: 12/19
  5441 | D:6      | Reached skill level 9 in Necromancy
  5494 | D:6      | Noticed Edmund
  5507 | D:6      | Killed Edmund
  5537 | D:6      | Reached * piety under Kikubaaqudgha
  5537 | D:6      | Identified Kikubaaqudgha's Disquisition on Evil Arts
                  | (Kikubaaqudgha gifted it to you on level 6 of the Dungeon)
  5537 | D:6      | Received a gift from Kikubaaqudgha
  5574 | D:6      | Noticed Sigmund
  5583 | D:6      | Killed Sigmund
  5619 | D:6      | Noticed Eustachio
  5631 | D:6      | Killed Eustachio
  5686 | D:6      | Reached skill level 10 in Necromancy
  5814 | D:6      | Found a glowing drain.
  5834 | Sewer    | Entered a sewer
  6058 | Sewer    | Reached ** piety under Kikubaaqudgha
  6344 | Sewer    | Reached XP level 9. HP: 45/45 MP: 16/22
  6725 | D:7      | Reached *** piety under Kikubaaqudgha
  6725 | D:7      | Identified Kikubaaqudgha's Disquisition on Darkness
                  | (Kikubaaqudgha gifted it to you on level 7 of the Dungeon)
  6725 | D:7      | Received a gift from Kikubaaqudgha
  6738 | D:7      | Reached skill level 1 in Short Blades
  6805 | D:7      | Learned a level 5 spell: Agony
  6811 | D:7      | Learned a level 5 spell: Dispel Undead
  6938 | D:7      | Reached skill level 1 in Charms
  7780 | D:7      | Reached skill level 11 in Necromancy
  7999 | D:8      | Noticed Prince Ribbit
  8023 | D:8      | Learned a level 5 spell: Excruciating Wounds
  8557 | D:8      | Reached XP level 10. HP: 48/50 MP: 19/24
  8754 | D:8      | Killed Prince Ribbit
  9603 | D:9      | Identified the cursed +0 buckler "Yvyroamn" {rC+++ Str+3
                  | Dex-2 Slay+3} (You found it on level 9 of the Dungeon)
  9611 | D:9      | Found a staircase to the Lair.
  9611 | D:9      | Noticed an elephant
 10021 | D:9      | Reached skill level 5 in Charms
 10069 | D:9      | Reached skill level 12 in Necromancy
 10276 | D:9      | Reached **** piety under Kikubaaqudgha
 10400 | D:9      | Killed an elephant
 10549 | D:9      | Found a staircase to the Orcish Mines.
 11112 | Lair:1   | Entered Level 1 of the Lair of Beasts
 11151 | Lair:1   | Noticed a spiny frog
 11621 | Lair:1   | Reached skill level 10 in Spellcasting
 11989 | Lair:1   | Noticed Joseph
 12003 | Lair:1   | Killed Joseph
 12003 | Lair:1   | Reached XP level 11. HP: 40/54 MP: 15/27
 12137 | Lair:1   | Reached skill level 5 in Short Blades
 12137 | Lair:1   | Reached skill level 13 in Necromancy
 14231 | Lair:2   | Found a staircase to the Swamp.
 14578 | Lair:2   | Found a hole to the Spider Nest.
 14578 | Lair:2   | Noticed an orb spider
 14600 | Lair:2   | Killed an orb spider
 14600 | Lair:2   | Reached skill level 10 in Dodging
 15201 | Lair:2   | Reached skill level 14 in Necromancy
 15300 | Lair:3   | Noticed a four-headed hydra
 15483 | Lair:3   | Killed a four-headed hydra
 16595 | Lair:3   | Reached XP level 12. HP: 58/59 MP: 11/29
 16888 | Lair:3   | Reached skill level 15 in Necromancy
 17781 | Orc:1    | Entered Level 1 of the Orcish Mines
 17919 | Lair:4   | Noticed a seven-headed hydra
 18975 | Lair:4   | Killed a seven-headed hydra
 19360 | Lair:4   | Noticed a seven-headed hydra
 19367 | Lair:4   | Killed a seven-headed hydra
 19567 | Lair:4   | Reached skill level 16 in Necromancy
 21318 | Lair:5   | Found a sparkling altar of Nemelex Xobeh.
 22680 | Lair:6   | Entered Level 6 of the Lair of Beasts
 22795 | Lair:6   | Found a sacrificial altar of Ru.
 22801 | Lair:6   | Reached XP level 13. HP: 63/63 MP: 19/32
 23572 | Lair:6   | Reached skill level 17 in Necromancy
 23749 | Lair:6   | Found a staircase to the Slime Pits.
 24244 | Lair:5   | Reached ***** piety under Kikubaaqudgha
 27300 | Lair:6   | Reached skill level 18 in Necromancy
 28492 | D:10     | Entered Level 10 of the Dungeon
 28940 | D:10     | Reached XP level 14. HP: 23/68 MP: 0/34
 30215 | D:10     | Found Kuosidot's General Store.
 30768 | D:11     | Learned a level 6 spell: Freezing Cloud
 31289 | D:11     | Noticed Nergalle
 31305 | D:11     | Killed Nergalle
 31305 | D:11     | Reached skill level 1 in Conjurations
 31412 | D:11     | Reached skill level 15 in Spellcasting
 31412 | D:11     | Reached skill level 1 in Ice Magic
 32955 | D:13     | Reached ****** piety under Kikubaaqudgha
 32961 | D:13     | Received a gift from Kikubaaqudgha
 32972 | D:13     | Learned a level 8 spell: Borgnjor's Revivification
 33127 | D:13     | Reached skill level 19 in Necromancy
 34398 | D:14     | Noticed Louise
 34409 | D:14     | Killed Louise
 35537 | D:14     | Found a large runed door.
 35538 | D:14     | Found a large runed door.
 35551 | D:14     | Noticed Hrodulf's ghost (journeyman DrTm)
 35563 | D:14     | Killed Hrodulf's ghost
 36295 | D:14     | Found a gate to the Vaults.
 36546 | D:15     | Entered Level 15 of the Dungeon
 36644 | D:13     | Reached XP level 15. HP: 58/72 MP: 0/36
 36654 | D:13     | Learned a level 8 spell: Infestation
 37087 | D:14     | Reached skill level 5 in Ice Magic
 37101 | D:14     | Upgraded the game from 0.23-a0-448-g1c01f63 to
                  | 0.23-a0-451-g1044d4c
 37236 | D:15     | Noticed Kirke
 37375 | D:15     | Reached skill level 5 in Conjurations
 37549 | D:14     | Upgraded the game from 0.23-a0-451-g1044d4c to
                  | 0.23-a0-455-ge12115f
 37812 | D:15     | Reached skill level 20 in Necromancy
 37886 | D:15     | Learned a level 6 spell: Death Channel
 38456 | D:15     | Paralysed by an ogre mage for 4 turns
 39169 | D:15     | Found a staircase to the Depths.
 39198 | D:15     | Found a white marble altar of Elyvilon.
 39334 | D:15     | Found a blossoming altar of Fedhas.
 39699 | D:15     | Killed Kirke
 40516 | Orc:1    | Found Cilioth's General Store.
 40537 | Orc:1    | Bought a scroll of holy word for 90 gold pieces
 40537 | Orc:1    | Bought a scroll of blinking for 90 gold pieces
 40537 | Orc:1    | Bought a scroll of enchant weapon for 90 gold pieces
 40537 | Orc:1    | Bought a scroll of enchant armour for 90 gold pieces
 40537 | Orc:1    | Bought a potion of haste for 120 gold pieces
 40572 | Orc:1    | Found a runed gate.
 40574 | Orc:1    | Found a runed gate.
 40574 | Orc:1    | Noticed Ahyevokum's ghost (journeyman HOMo)
 40575 | Orc:1    | Found a runed gate.
 40581 | Orc:1    | Noticed an orc warlord
 40587 | Orc:1    | Killed Ahyevokum's ghost
 40740 | D:9      | Killed an orc warlord
 41252 | Orc:1    | Found a transporter.
 41412 | Orc:2    | Entered Level 2 of the Orcish Mines
 41626 | Orc:2    | Found a dark tunnel.
 41789 | Orc:2    | Found a staircase to the Elven Halls.
 41802 | Orc:2    | Noticed Maurice
 41826 | Orc:2    | Killed Maurice
 41938 | Volcano  | Entered a volcano
 42788 | Volcano  | Reached skill level 10 in Conjurations
 43494 | Orc:1    | Found a roughly hewn altar of Beogh.
 43494 | Orc:1    | Found a transporter.
 44044 | Orc:2    | Found Safuggeg's Distillery.
 44046 | Orc:2    | Found Haxzeq's General Store.
 44223 | Orc:2    | Reached skill level 5 in Fire Magic
 44223 | Orc:2    | Reached XP level 16. HP: 72/72 MP: 34/38
 44231 | Orc:2    | Learned a level 5 spell: Fireball
 44248 | Orc:2    | Bought a potion of heal wounds for 65 gold pieces
 44248 | Orc:2    | Bought a potion of heal wounds for 65 gold pieces
 44248 | Orc:2    | Bought 2 potions of might for 104 gold pieces
 44248 | Orc:2    | Bought a potion of might for 52 gold pieces
 44248 | Orc:2    | Bought a potion of heal wounds for 65 gold pieces
 44248 | Orc:2    | Bought a potion of invisibility for 104 gold pieces
 44250 | Orc:2    | Bought a +1 pair of gloves of strength for 264 gold pieces
 44570 | Orc:2    | Reached XP level 17. HP: 57/76 MP: 11/39
 45638 | Orc:2    | Gained mutation: Your magical capacity is low. (-10% MP) [a
                  | neqoxec]
 46504 | Orc:2    | Found Vaotidawau's Antique Armour Emporium.
 46504 | Orc:2    | Found a one-way gate leading to the halls of Pandemonium.
 46504 | Orc:2    | Found Hiej Jen's Book Shoppe.
 46513 | Orc:2    | Paralysed by an orc sorcerer for 2 turns
 46523 | Orc:2    | Bought a book of Maledictions for 375 gold pieces
 46523 | Orc:2    | Bought a book of Power for 675 gold pieces
 46526 | Orc:2    | Learned a level 2 spell: Ensorcelled Hibernation
 46530 | Orc:2    | Learned a level 3 spell: Confuse
 46745 | Spider:1 | Entered Level 1 of the Spider Nest
 46755 | Spider:1 | Noticed Rupert
 46829 | Spider:1 | Slain by Rupert

Vault maps used:
D:1:      dpeg_arrival_simpleton_b
D:2:      kennysheep_okawaru_gauntlet
D:3:      minmay_wonky_spiral, nicolae_overflow_hidden_temple,
          nemelex_xobeh_ov_fountains_minmay, uniq_natasha
D:4:      first_ration, serial_shops, shop_coins
D:5:      minmay_temple_entry_statues, basic_altar, lemuel_tele_altar,
          uniq_crazy_yiuf_cottage
D:6:      cheibrodos_sewer_entry_bend, kennysheep_small_spiral, uniq_sigmund,
          uniq_edmund, uniq_eustachio
D:7:      nicolae_ossuary_entry_ruins, the_bakery
D:8:      uniq_prince_ribbit1
D:9:      david_lair_generic, orc_0_dummy, special_room
D:10:     cheibrodos_fzero, serial_shops, kennysheep_little_box,
          kennysheep_kite_vault
D:11:     uniq_nergalle
D:12:     nicolae_looking_at_the_future
D:14:     hangedman_vaults_entry_quadrant_bands, ebering_ghost_disaster_area,
          uniq_louise
D:15:     hangedman_depths_entry_civil_slaughter, elyvilon_altar_3,
          fedhas_bush_and_centaur_altar, uniq_kirke
Temple:   nicolae_temple_the_god_donut
Lair:1:   uniq_joseph
Lair:2:   swamp_mist_pool, nicolae_spider_entry_orb_guardian
Lair:3:   portal_ice_cave_rime
Lair:4:   minmay_lair_oklob_bushes, serial_bayou_shore_a,
          infiniplex_staircase_pool, grunt_megastairs_3
Lair:5:   lemuel_centaur_altar, serial_bayou_shore_b, minmay_lair_oklob_chamber
Lair:6:   hangedman_lair_in_review, nicolae_slime_entry_slimehenge, basic_altar
Spider:1: uniq_rupert, uniq_josephine
Orc:1:    gammafunk_beogh_shrine, serial_shops, shop_fountains,
          gammafunk_ghost_split
Orc:2:    pf_orc_diabolical, nicolae_volcano_entry_hallway, uniq_maurice
Sewer:    sewer_frog_island_02
Volcano:  volcano_tomb

Skill      XL: |  1  2  3  4  5  6  7  8  9 10 11 12 13 14 15 16 17 |
---------------+----------------------------------------------------+-----
Necromancy     | 5 6 7 8 10 11 12 14 16 18 19 20 | 20.4
Stealth        | 3 4 5 6 7 8 |  8.3
Dodging        | 3 4 5 6 7 9 10 12 13 14 | 14.3
Spellcasting   | 4 5 6 7 8 10 11 13 14 15 16 17 | 17.0
Short Blades   | 3 4 5 |  5.8
Charms         | 4 6 7 |  7.0
Conjurations   | 4 10 | 10.3
Ice Magic      | 4 7 |  7.0
Fire Magic     | 5 |  5.5
Hexes          | |  0.1

Action                   |  1- 3 |  4- 6 |  7- 9 | 10-12 | 13-15 | 16-18 || total
-------------------------+-------+-------+-------+-------+-------+-------++-------
Melee: Short sword       |    31 |    31 |       |       |       |       ||    62
       Kick              |       |    31 |    47 |    74 |   425 |    90 ||   667
       Dagger            |       |   137 |   268 |   344 |  1756 |    99 ||  2604
       Mace              |       |       |       |       |       |   150 ||   150
 Cast: Pain              |    39 |    60 |   138 |   330 |   248 |     8 ||   823
       Vampiric Draining |       |    13 |    46 |   109 |   317 |    40 ||   525
       Regeneration      |       |     3 |     1 |     4 |    24 |     6 ||    38
       Agony             |       |       |     8 |   180 |   320 |    30 ||   538
       Dispel Undead     |       |       |     6 |     2 |    72 |     1 ||    81
       Excruciating Woun |       |       |     1 |     3 |       |       ||     4
       Death Channel     |       |       |       |       |     8 |     2 ||    10
       Borgnjor's Revivi |       |       |       |       |     1 |       ||     1
       Fireball          |       |       |       |       |       |    13 ||    13
       Confuse           |       |       |       |       |       |     1 ||     1
Invok: Receive Necronomi |       |       |       |       |     1 |       ||     1
Evoke: Wand              |       |       |       |     1 |    14 |       ||    15
  Use: Potion            |     3 |     5 |     2 |     4 |     8 |       ||    22
       Scroll            |     6 |     5 |     5 |    13 |    17 |     5 ||    51
 Stab: Sleeping          |    14 |    12 |    29 |    16 |    26 |       ||    97
       Distracted        |       |       |     1 |     1 |     7 |     1 ||    10
  Eat: Chunk             |     1 |    11 |    13 |    40 |    55 |       ||   120
       Ration            |       |       |     1 |     6 |     6 |     3 ||    16
Armor: Robe              |    13 |    37 |   108 |   155 |   166 |       ||   479
       Troll leather arm |       |       |       |       |   324 |    43 ||   367
Dodge: Dodged            |    20 |   108 |   345 |   644 |  2412 |   342 ||  3871

Table legend:
 A = Non-vault XP
 B = Vault XP
 C = Vault XP percentage of total XP
 D = Non-vault monster count
 E = Vault monster count
 F = Vault count percentage of total count
                 A         B        C        D         E       F
            +---------+---------+-------+---------+---------+-------
      Total |   98721 |   68430 |  40.9 |     619 |     289 |  31.8
            +---------+---------+-------+---------+---------+-------
        D:1 |      36 |       0 |   0.0 |      18 |       0 |   0.0
        D:2 |      72 |       2 |   2.7 |      27 |       2 |   6.9
        D:3 |      52 |      55 |  51.4 |      18 |       6 |  25.0
        D:4 |     218 |       0 |   0.0 |      16 |       0 |   0.0
        D:5 |     991 |      41 |   4.0 |      20 |       1 |   4.8
        D:6 |     705 |     609 |  46.3 |      18 |       4 |  18.2
        D:7 |    1200 |     224 |  15.7 |      21 |       1 |   4.5
        D:8 |    1355 |     283 |  17.3 |      26 |       1 |   3.7
        D:9 |    3503 |    3013 |  46.2 |      52 |      25 |  32.5
       D:10 |    3944 |    4818 |  55.0 |      27 |      29 |  51.8
       D:11 |    3753 |     820 |  17.9 |      20 |       1 |   4.8
       D:12 |    5594 |     891 |  13.7 |      34 |      11 |  24.4
       D:13 |    5784 |       0 |   0.0 |      29 |       0 |   0.0
       D:14 |   13014 |   11167 |  46.2 |      55 |      20 |  26.7
       D:15 |   16071 |    5556 |  25.7 |      41 |      11 |  21.2
     Lair:1 |    4622 |     475 |   9.3 |      22 |       1 |   4.3
     Lair:2 |    4023 |     628 |  13.5 |      18 |       2 |  10.0
     Lair:3 |    6184 |     931 |  13.1 |      21 |       3 |  12.5
     Lair:4 |    5205 |     627 |  10.8 |      18 |       2 |  10.0
     Lair:5 |    8622 |     458 |   5.0 |      36 |       4 |  10.0
     Lair:6 |    9145 |   10937 |  54.5 |      29 |      25 |  46.3
      Orc:1 |    1873 |    1928 |  50.7 |      36 |       4 |  10.0
      Orc:2 |    2755 |   18486 |  87.0 |      17 |      64 |  79.0
      Sewer |       0 |     382 | 100.0 |       0 |      53 | 100.0
    Volcano |       0 |    6099 | 100.0 |       0 |      19 | 100.0
            +---------+---------+-------+---------+---------+-------
